 Dungeon Crawl Stone Soup version 0.32-a0-120-gfac0567ad4 (webtiles) character file.

Game seed: 16627601781241529011

700 cforsyth the Trooper (level 7, -4/53 (56) HPs)
             Began as a Djinni Warper on Feb 7, 2024.
             Slain by a scorpion (5 damage)
             ... on level 5 of the Dungeon.
             The game lasted 00:09:21 (4594 turns).

cforsyth the Trooper (Djinni Warper)                Turns: 4594, Time: 00:09:22

HP:   -4/53 (56)    AC:  4    Str: 10    XL:     7   Next: 98%
Gold: 144           EV: 12    Int: 17    God:
                    SH:  0    Dex: 12

rFire   + + .        a - +0 falchion
rCold   . . .        (no shield)
rNeg    . . .        s - +2 robe {Will+}
rPois   ∞            (no helmet)
rElec   .            (no cloak)
rCorr   .            (no gloves)
SInv    +            (boots unavailable)
Will    +....        (no amulet)
Stlth   +            v - ring of see invisible
HPRegen 0.28/turn    C - ring of protection from cold
MPRegen 0.00/turn

%: infuse magic (-5 HP)
@: flying, drained
A: sickness immunity, fire resistance 2, cold vulnerability 1, float, innate
caster, HP casting, extra vitality 1
a: no special abilities


You were on level 5 of the Dungeon.
You visited 1 branch of the dungeon, and saw 5 of its levels.

You collected 144 gold pieces.


Innate Abilities, Weirdness & Mutations

You are immune to sickness and miasma.
You are immune to poison.
Your flesh is very heat resistant. (rF++)
You are vulnerable to cold. (rC-)
You float through the air rather than walking.
You learn spells naturally, not from books.
Your magical power is your life essence.
You have superior vitality. (+4 MHP)


   Skills:
 + Level 6.2 Fighting
 - Level 1.7 Long Blades
 - Level 0.7 Throwing
 - Level 1.0 Armour
 - Level 2.1 Dodging
 + Level 5.2 Spellcasting
 + Level 5.2 Conjurations
 + Level 5.2 Hexes
 + Level 5.2 Summonings
 + Level 5.2 Necromancy
 + Level 5.2 Translocations
 + Level 5.2 Fire Magic
 + Level 5.2 Ice Magic
 + Level 5.2 Air Magic
 + Level 5.2 Earth Magic
 + Level 5.2 Alchemy


You knew the following spells:

 Your Spells              Type           Power      Damage    Failure   Level
e - Ensorcelled Hibernat  Hex/Ice        44%        N/A       2%          2
l - Lesser Beckoning      Tloc           44%        N/A       2%          2
m - Manifold Assault      Tloc           22%        N/A       16%         4
t - Teleport Other        Tloc           22%        N/A       4%          3
B - Blink                 Tloc           44%        N/A       2%          2
X - Vhi's Electric Charg  Tloc/Air       44%        N/A       16%         4
Y - Kiss of Death         Conj/Necr      88%        2d12      1%          1
Z - Hailstorm             Conj/Ice       22%        3d7       4%          3
Your spell library was empty.

Inventory:

Hand Weapons
 a - a +0 falchion (weapon)
Missiles
 d - 3 darts of dispersal {=f=f}
Armour
 b - a +0 leather armour
 s - a +2 robe of willpower (worn)
Magical Staves
 m - a staff of earth {!a!a}
 q - a staff of alchemy {!a!a}
 r - a staff of death {!a!a}
Jewellery
 v - a ring of see invisible (left hand)
 C - a ring of protection from cold (right hand)
Wands
 t - a wand of acid (2)
Scrolls
 c - 2 scrolls of blinking
 e - 2 scrolls of identify {@r1@r1}
 g - a scroll of fear
 i - a scroll of teleportation {@r2@r2}
 k - 3 scrolls of vulnerability
 n - a scroll of revelation {unknown}
 o - a scroll of fog {unknown}
 u - a scroll of torment {unknown}
 w - a scroll of immolation {unknown}
Potions
 f - a potion of ambrosia {unknown}
 h - a potion of curing {unknown}
 j - a potion of might {unknown}
 l - a potion of mutation {unknown}
 p - a potion of magic

Dungeon Overview and Level Annotations

Branches:
Dungeon (5/15)
 Temple: D:4-7

Altars:
Elyvilon
Nemelex Xobeh
Xom
The Shining One

Shops:
D:5

* #.....................
...........##........##
###.........##....#....#
......................##..
...##.........##.....## #####
...#.........###....##
....###...#.#......# ##.....#
........#...#.########......#
................@s).......(.#
............#######)..#.....#
............. #.....###.....#
#...............s..g.########
...............∩.....)#
....##................g.
.........(...............
....##.....................
.....#.....................


You could see a scorpion.


Message History

Unknown command.
Casting: Hailstorm (dangerous; 4% risk of failure)
Confirm with . or Enter, or press ? or * to list all spells.
Casting: Hailstorm (dangerous; 4% risk of failure)
Press: ? - help, Dir - look around, f - activate A cannonade of hail descends around you!
The hail pelts the gnoll!
You kill the gnoll!
* * * LOW HITPOINT WARNING * * *
The scorpion stings you.
* * * LOW HITPOINT WARNING * * *
Unknown command.
You closely miss the scorpion.
The scorpion is moderately wounded.
The scorpion stings you.
* * * LOW HITPOINT WARNING * * *
You hit the scorpion.
The scorpion is severely wounded.
The scorpion barely misses you.
The scorpion stings you but does no damage.
You hit the scorpion but do no damage.
The scorpion is severely wounded.
The scorpion barely misses you.
Your magical contamination has completely faded away.
You hit the scorpion.
The scorpion is severely wounded.
The scorpion stings you.
* * * LOW HITPOINT WARNING * * *
The scorpion stings you.
You die...

Skill      XL: |  1  2  3  4  5  6  7 |
---------------+----------------------+-----
Spellcasting   | 3 4 5 |  5.2
Conjurations   | 3 4 5 |  5.2
Hexes          | 3 4 5 |  5.2
Summonings     | 3 4 5 |  5.2
Necromancy     | 3 4 5 |  5.2
Translocations | 3 4 5 |  5.2
Fire Magic     | 3 4 5 |  5.2
Ice Magic      | 3 4 5 |  5.2
Air Magic      | 3 4 5 |  5.2
Earth Magic    | 3 4 5 |  5.2
Alchemy        | 3 4 5 |  5.2
Fighting       | 3 4 5 6 |  6.2
Long Blades    | |  1.7
Throwing       | |  0.7
Armour         | |  1.0
Dodging        | |  2.1

Action                     |  1- 3 |  4- 6 |  7- 9 || total
---------------------------+-------+-------+-------++-------
  Melee: Falchion          |    72 |   205 |    66 ||   343
         Punch             |     3 |     8 |     2 ||    13
  Throw: Dart              |       |     3 |     1 ||     4
   Cast: Kiss of Death     |       |     6 |     1 ||     7
         Blink             |       |     3 |       ||     3
         Ensorcelled Hiber |       |     1 |       ||     1
         Manifold Assault  |       |     2 |       ||     2
         Teleport Other    |       |     1 |       ||     1
         Hailstorm         |       |       |    17 ||    17
  Evoke: Wand              |       |     3 |       ||     3
    Use: Scroll            |       |       |     5 ||     5
         Potion            |       |       |     1 ||     1
   Stab: Sleeping          |       |     1 |       ||     1
 Armour: Leather armour    |    46 |   102 |       ||   148
         Robe              |       |    34 |    96 ||   130
  Dodge: Dodged            |    42 |   109 |    95 ||   246

Levels and vault maps discovered:
D:1:      dpeg_arrival_rhombus, layout_loops_ring
D:2:      layout_loops_cross
D:3:      layout_loops_ring, nicolae_overflow_ecumenical_swirl,
          mainiacjoe_overflow_two_lobes, serial_bayou_lagoon_a
D:4:      layout_cave_pools, old_standard_altar, uniq_blork_the_orc,
          uniq_duvessa, uniq_ijyb
D:5:      layout_rooms, serial_shops, shop

Notes
Turn   | Place    | Note
-------+----------+-------------------------------------------
     0 | D:1      | cforsyth the Djinni Warper began the quest for the Orb.
     0 | D:1      | cforsyth set off with the following spells memorised:
                  | Blink, Lesser Beckoning, Teleport Other, Manifold Assault,
                  | Vhi's Electric Charge.
     0 | D:1      | Reached XP level 1. HP: 18/18 MP: 0/0
    27 | D:1      | Reached skill level 3 in Spellcasting
    27 | D:1      | Reached skill level 3 in Conjurations
    27 | D:1      | Reached skill level 3 in Hexes
    27 | D:1      | Reached skill level 3 in Summonings
    27 | D:1      | Reached skill level 3 in Necromancy
    27 | D:1      | Reached skill level 3 in Translocations
    27 | D:1      | Reached skill level 3 in Fire Magic
    27 | D:1      | Reached skill level 3 in Ice Magic
    27 | D:1      | Reached skill level 3 in Air Magic
    27 | D:1      | Reached skill level 3 in Earth Magic
    27 | D:1      | Reached skill level 3 in Alchemy
   197 | D:1      | Reached XP level 2. HP: 23/23 MP: 0/0
   588 | D:2      | Reached XP level 3. HP: 29/29 MP: 0/0
   588 | D:2      | Learned a level 1 spell: Kiss of Death
   893 | D:2      | Reached skill level 3 in Fighting
   941 | D:2      | Reached XP level 4. HP: 34/35 MP: 0/0
  1162 | D:2      | HP: 3/35 [ribbon worm (1)]
  1673 | D:3      | Reached XP level 5. HP: 24/41 MP: 0/0
  1673 | D:3      | Learned a level 2 spell: Ensorcelled Hibernation
  2367 | D:3      | Found a faded altar of an unknown god.
  2561 | D:3      | Found a white marble altar of Elyvilon.
  2589 | D:3      | Found a sparkling altar of Nemelex Xobeh.
  2805 | D:4      | Reached skill level 4 in Fighting
  2809 | D:4      | Noticed Blork the orc
  2912 | D:4      | Noticed Ijyb
  2936 | D:4      | Killed Ijyb
  2937 | D:4      | Reached skill level 4 in Spellcasting
  2937 | D:4      | Reached skill level 4 in Conjurations
  2937 | D:4      | Reached skill level 4 in Hexes
  2937 | D:4      | Reached skill level 4 in Summonings
  2937 | D:4      | Reached skill level 4 in Necromancy
  2937 | D:4      | Reached skill level 4 in Translocations
  2937 | D:4      | Reached skill level 4 in Fire Magic
  2937 | D:4      | Reached skill level 4 in Ice Magic
  2937 | D:4      | Reached skill level 4 in Air Magic
  2937 | D:4      | Reached skill level 4 in Earth Magic
  2937 | D:4      | Reached skill level 4 in Alchemy
  2993 | D:4      | Killed Blork the orc
  2994 | D:4      | Reached XP level 6. HP: 31/41 MP: 0/0
  3226 | D:3      | Found a shimmering altar of Xom.
  3521 | D:4      | Noticed Duvessa
  3522 | D:4      | Noticed Dowan
  3560 | D:4      | Killed Duvessa
  3561 | D:4      | Reached skill level 5 in Fighting
  3561 | D:4      | Reached XP level 7. HP: 22/43 MP: 0/0
  3561 | D:4      | Learned a level 3 spell: Hailstorm
  3905 | D:4      | Found a glowing golden altar of the Shining One.
  3979 | D:4      | Killed Dowan
  4137 | D:5      | Entered Level 5 of the Dungeon
  4147 | D:5      | Reached skill level 5 in Spellcasting
  4147 | D:5      | Reached skill level 5 in Conjurations
  4147 | D:5      | Reached skill level 5 in Hexes
  4147 | D:5      | Reached skill level 5 in Summonings
  4147 | D:5      | Reached skill level 5 in Necromancy
  4147 | D:5      | Reached skill level 5 in Translocations
  4147 | D:5      | Reached skill level 5 in Fire Magic
  4147 | D:5      | Reached skill level 5 in Ice Magic
  4147 | D:5      | Reached skill level 5 in Air Magic
  4147 | D:5      | Reached skill level 5 in Earth Magic
  4147 | D:5      | Reached skill level 5 in Alchemy
  4252 | D:5      | HP: 4/46 [ufetubus (1)]
  4575 | D:5      | Found Taottapn's Assorted Antiques.
  4589 | D:5      | Reached skill level 6 in Fighting
  4594 | D:5      | HP: 1/53 [scorpion (6)]
  4594 | D:5      | Slain by a scorpion

Vanquished Creatures
  Duvessa (D:4)
  Blork the orc (D:4)
  2 scorpions (D:5)
  Dowan (D:4)
  3 bombardier beetles
  A hound (D:4)
  Ijyb (D:4)
  A sleepcap (D:5)
  7 adders
  4 gnolls (D:5)
  4 dart slugs
  8 ribbon worms
  5 ball pythons
  4 endoplasms
  2 goblins
  5 hobgoblins
  4 jackals (D:3)
  2 quokkas
  2 bats
  4 kobolds
  3 rats
65 creatures vanquished.

Table legend: (Time is in decaauts)
 A = Elapsed time spent in this place.
 B = Non-inter-level travel time spent in this place.
 C = Inter-level travel time spent in this place.
 D = Time resting spent in this place.
 E = Time spent auto-exploring this place.
 F = Levels seen in this place.
 G = Mean time per level.
                   A        B        C        D        E       F      G
               +--------+--------+--------+--------+--------+-----+--------+
         Total |   4667 |   4575 |     92 |    383 |   3197 |   5 |  933.4 |
       Dungeon |   4667 |   4575 |     92 |    383 |   3197 |   5 |  933.4 |
               +--------+--------+--------+--------+--------+-----+--------+

Top non-repeatable levels by time:
     D:3: 1338 daAuts
     D:4: 1329 daAuts
     D:2: 1130 daAuts
     D:1: 549 daAuts
     D:5: 320 daAuts

Table legend:
 A = Non-vault XP
 B = Vault XP
 C = Vault XP percentage of total XP
 D = Non-vault monster count
 E = Vault monster count
 F = Vault count percentage of total count
                 A         B        C        D         E       F
            +---------+---------+-------+---------+---------+-------
      Total |     650 |     351 |  35.1 |      61 |       4 |   6.2
            +---------+---------+-------+---------+---------+-------
        D:1 |      12 |       0 |   0.0 |       8 |       0 |   0.0
        D:2 |      79 |       0 |   0.0 |      18 |       0 |   0.0
        D:3 |     100 |       0 |   0.0 |      14 |       0 |   0.0
        D:4 |     166 |     351 |  67.9 |      11 |       4 |  26.7
        D:5 |     293 |       0 |   0.0 |      10 |       0 |   0.0
            +---------+---------+-------+---------+---------+-------
